 Dungeon Crawl Stone Soup version 0.17.0-24-gcfadda4 (webtiles) character file.

167403 oplop the Martial Artist (level 17, -1/117 HPs)
             Began as an Octopode Transmuter on Nov 17, 2015.
             Was the Champion of Cheibriados.
             Slain by a greater naga
             ... wielding a +0 spear
              (6 damage)
             ... on level 2 of the Snake Pit.
             The game lasted 01:44:02 (31727 turns).

oplop the Martial Artist (Octopode Transmuter)     Turns: 31727, Time: 01:44:03

Health: -1/117     AC:  9    Str: 28    XL:     17   Next: 92%
Magic:  10/32      EV: 32    Int: 34    God:    Cheibriados [******]
Gold:   2474       SH:  0    Dex: 34    Spells: 9 memorised, 7 levels left

rFire  + . .     SeeInvis +       - Unarmed
rCold  + + .     Clarity  .     (shield currently unavailable)
rNeg   + . .     SustAt   .     v - +0 hat {SInv}
rPois  .         Gourm    .     r - amulet of warding
rElec  .         Spirit   .     k - +5 ring of evasion
rCorr  .         Warding  +     q - ring of protection from magic
rMut   .         Stasis   .     a - ring of the Octopus King {rC+ AC+1 EV+1 Str+1 Int+1 Dex+1}
MR     ++...                    X - ring of protection from cold
Stlth  ++++++....               K - ring of protection from fire
                                M - +4 ring of protection
                                j - +4 ring of dexterity
                                S - +3 ring of protection

@: lethally poisoned (-1 -> -6), blade tentacles, very slightly contaminated,
constricted, very slow, very resistant to hostile enchantments, very stealthy
A: almost no armour, amphibious, 8 rings, constrict 8, camouflage 1, gelatinous
body 1
a: End Transformation, Bend Time, Temporal Distortion, Slouch, Step From Time,
Renounce Religion


You were on level 2 of the Snake Pit.
You worshipped Cheibriados.
Cheibriados was exalted by your worship.
You were very hungry.
You had blades for tentacles.
You visited 6 branches of the dungeon, and saw 33 of its levels.
You also visited: Ossuary.

You collected 3655 gold pieces.
You spent 1181 gold pieces at shops.

Inventory:

Armour
 v - a +0 hat of see invisible (worn)
Magical Staves
 W - an uncursed staff of conjuration
Jewellery
 a - a ring of the Octopus King (on tentacle) {rC+ AC+1 EV+1 Str+1 Int+1 Dex+1}
   (You bought it in a shop on level 4 of the Orcish Mines)

   [ring of protection from cold]

   It affects your AC (+1).
   It affects your evasion (+1).
   It affects your strength (+1).
   It affects your intelligence (+1).
   It affects your dexterity (+1).
   It protects you from cold.
 d - an uncursed amulet of resist mutation
 j - a +4 ring of dexterity (on tentacle)
 k - a +5 ring of evasion (left scythe-like blade)
 q - a ring of protection from magic (right scythe-like blade)
 r - an amulet of warding (around mantle)
 w - an uncursed ring of stealth
 J - an uncursed ring of protection from magic
 K - a ring of protection from fire (on tentacle)
 M - a +4 ring of protection (on tentacle)
 O - an uncursed ring of see invisible
 S - a +3 ring of protection (on tentacle)
 X - a ring of protection from cold (on tentacle)
Wands
 f - a wand of paralysis (9)
 o - a wand of enslavement (9)
 y - a wand of enslavement (24)
 A - a wand of teleportation (4)
 G - a wand of slowing (17)
 I - a wand of invisibility (5)
 L - a wand of cold (8)
 Y - a wand of heal wounds (4)
Scrolls
 e - a scroll of enchant armour
 g - 4 scrolls of fog
 l - 4 scrolls of magic mapping
 C - 9 scrolls of remove curse
 D - 7 scrolls of identify
 F - 2 scrolls of enchant weapon
 N - 6 scrolls of amnesia
 Q - 2 scrolls of immolation
 R - 2 scrolls of holy word
 V - 3 scrolls of fear
 Z - 2 scrolls of recharging
Potions
 b - 2 potions of poison {unknown}
 i - 2 potions of might
 m - 6 potions of lignification
 n - 13 potions of curing
 s - 2 potions of invisibility
 t - 10 potions of resistance
 x - 7 potions of brilliance
 z - 4 potions of heal wounds
 B - 2 potions of agility
 E - a potion of cure mutation
 H - 6 potions of magic
 P - 2 potions of flight
Comestibles
 c - 16 bread rations
 h - 23 meat rations
 U - 20 beef jerkies


   Skills:
 + Level 11.1 Fighting
 + Level 12.4 Dodging
 - Level 5.5 Stealth
 + Level 14.3 Unarmed Combat
 - Level 11.1 Spellcasting
 - Level 8.8 Charms
 - Level 9.4 Transmutations
 - Level 5.0 Ice Magic
 + Level 10.2 Air Magic
 - Level 3.4 Poison Magic
 - Level 11.9 Invocations


You had 7 spell levels left.
You knew the following spells:

 Your Spells              Type           Power        Failure   Level  Hunger
a - Blade Hands           Trmt           ######....   17%         5    #......
b - Sticks to Snakes      Trmt           ######....   8%          2    None
c - Spider Form           Trmt/Pois      ######....   12%         3    None
d - Ice Form              Ice/Trmt       ######..     17%         4    None
e - Beastly Appendage     Trmt           ######       6%          1    None
f - Alistair's Intoxicat  Trmt/Pois      ######..     21%         4    None
g - Olgreb's Toxic Radia  Pois           #####...     41%         4    None
h - Blink                 Tloc           N/A          32%         2    None
i - Deflect Missiles      Chrm/Air       ######....   45%         6    ####...


Dungeon Overview and Level Annotations

Branches:
Dungeon (15/15)            Temple (1/1) D:6            Lair (8/8) D:10
 Shoals (0/4) Lair:4        Snake (2/4) Lair:3        Slime (0/6) Lair:8
    Orc (4/4) D:9             Elf (3/3) Orc:3        Vaults (0/5) D:13
 Depths (0/5) D:15

Altars:
Ashenzari
Cheibriados
Dithmenos
Elyvilon
Fedhas
Gozag
Kikubaaqudgha
Makhleb
Nemelex Xobeh
Okawaru
Qazlal
Ru
Sif Muna
Trog
Vehumet
Xom
Yredelemnul
Zin
The Shining One
Beogh
Jiyva

Shops:
D:6 (([   D:7 *   D:10 (   D:13 !   D:15 %   Orc:1 *   Orc:4 %=*?[

Annotations:
Elf:2 3 runed doors
Elf:3 2 exclusions, Mara


Innate Abilities, Weirdness & Mutations

You cannot wear most types of armour.
You are amphibious.
You can wear up to eight rings at the same time.
You can use your tentacles to constrict eight enemies at once.
Your skin changes colour to match your surroundings (Stealth).
Your rubbery body absorbs attacks (AC +1).


Message History

Unknown command.
Unknown command.
Drink which item? (? for menu, Esc to quit)
You feel better.
* * * LOW HITPOINT WARNING * * *
You are poisoned.
* * * LOW HITPOINT WARNING * * *
You are lethally poisoned!
Drink which item? (? for menu, Esc to quit)
Okay, then.
Read which item? (? for menu, Esc to quit)
Blink to where?
Press: ? - help, Dir - move target cursor You are very lightly contaminated with residual magic.
As you read the scroll of blinking, it crumbles to dust.
Your surroundings suddenly seem different.
* * * LOW HITPOINT WARNING * * *
You feel sick. The greater naga completely misses you.
The greater naga grabs you.
You die...

#.###.....#..........#.....
#.###N..#####.###...)....
###...#SS(#.[.....#..####..
#....).###...###..#### ###
#....###....†..##.. #...
#.........#.#
#....##.....†(..#.# #..
.....).>.>..... #.
.......@.N..... .
..#...N>.>.....
##.........#. #........S#
##.......## ###...### ....#
..#..


You could see Aizul (wandering) and 2 greater nagas.

Vanquished Creatures
  Kirke (D:13)
  3 greater nagas (Snake:2)
  Donald (Orc:3)
  An emperor scorpion (D:15)
  2 deep elf demonologists
  An ettin (Orc:4)
  5 deep elf death magi
  Snorg (D:11)
  A fire dragon (Lair:8)
  Josephine (D:11)
  A vault guard (D:13)
  4 ogre magi
  4 naga warriors
  6 hydras
  2 dancing weapons (Elf:2)
  3 anacondas
  A catoblepas (Lair:3)
  A queen ant (Lair:3)
  The ghost of Medar the Basher, a journeyman GrSu of Trog (Lair:3)
  A centaur warrior (D:14)
  10 death yaks
  An orc high priest (Elf:1)
  Urug (Orc:3)
  A tengu warrior (D:15)
  A naga sharpshooter (Snake:1)
  5 skeletal warriors (D:15)
  8 deep elf knights
  A salamander mystic (Snake:2)
  A shock serpent (Snake:2)
  2 deep trolls (Orc:4)
  7 deep elf summoners
  3 unseen horrors
  2 naga ritualists
  3 lindwurms
  An orc knight (D:14)
  5 hill giants
  An orb spider (shapeshifter) (Elf:2)
  A hill giant (shapeshifter) (D:15)
  7 mana vipers
  2 griffons
  7 ugly things
  11 deep elf conjurers
  4 cyclopes
  A manticore (D:15)
  4 salamanders
  3 elephants (Lair:6)
  A black mamba (shapeshifter) (Elf:2)
  4 naga magi
  2 gargoyles
  5 torpor snails (Lair:8)
  28 black mambas
  12 komodo dragons
  17 spiny frogs
  8 centaur skeletons
  3 kobold demonologists (D:15)
  A guardian serpent (Snake:2)
  4 fire drakes
  A tengu conjurer (D:15)
  13 deep elf priests
  2 giant leeches (Lair:8)
  14 polar bears
  11 trolls
  A queen bee (shapeshifter) (Elf:2)
  11 two-headed ogres
  22 blink frogs
  2 trapdoor spiders (D:14)
  7 slime creatures
  2 boulder beetles (Lair:3)
  A raiju (Lair:8)
  5 wraiths (D:11)
  A shadow (D:15)
  A spriggan (Lair:4)
  A hog (D:13)
  4 basilisks
  Eustachio (D:6)
  16 deep elf magi
  5 wyverns
  5 hungry ghosts
  10 hippogriffs
  11 vampire mosquitoes
  58 yaks
  A steam dragon (Lair:5)
  7 swamp worms (Lair:1)
  Menkaure (D:6)
  15 deep elf fighters
  A soldier ant (Lair:3)
  15 wargs
  A mottled dragon (D:14)
  15 porcupines
  7 nagas
  28 wolves
  22 water moccasins
  The ghost of ConnectionFaild the Ducker, an amateur SpAr (Ossuary)
  25 black bears
  6 sky beasts
  4 hell hounds (Lair:8)
  3 wasps (Lair:8)
  A necrophage (D:11)
  2 eyes of draining
  20 orc warriors
  6 ice beasts
  10 centaurs
  31 ogres
  2 phantoms (D:11)
  12 crocodiles
  4 brain worms (Lair:8)
  An elf zombie (Ossuary)
  4 big kobolds
  17 giant frogs
  A wyvern zombie (D:15)
  2 wyvern skeletons (D:14)
  3 scorpions
  6 killer bees
  2 electric eels
  15 wights
  A troll skeleton (D:11)
  2 spriggan skeletons (D:11)
  4 jellies
  A giant frog zombie (D:7)
  24 hounds
  7 crimson imps
  3 centaur zombies
  4 giant frog skeletons
  24 orc priests
  Ijyb (D:2)
  A human zombie (Ossuary)
  9 iguanas
  21 orc wizards
  31 worker ants
  22 sheep
  2 mummies (Ossuary)
  13 gnolls
  A worker ant zombie (D:11)
  14 adders
  43 river rats
  5 shadow imps
  2 adder zombies (Ossuary)
  2 oozes
  30 worms
  An adder skeleton (D:9)
  4 giant geckos
  197 orcs
  4 ball pythons
  7 bats
  10 giant cockroaches
  2 gnoll zombies (D:2)
  6 hobgoblins
  15 jackals
  7 quokkas
  9 giant newts
  5 goblins
  9 hobgoblin zombies (Ossuary)
  29 kobolds
  9 kobold zombies (Ossuary)
  6 orc zombies (Ossuary)
  8 rats
  A rat zombie (Ossuary)
  2 bushes (D:13)
  A butterfly (D:6)
  5 plants
1319 creatures vanquished.

Vanquished Creatures (collateral kills)
  The ghost of oplop the Martial Artist, a journeyman OpTm of Cheibriados (D:10)
  An elf zombie (Ossuary)
  A human zombie (Ossuary)
  An adder zombie (Ossuary)
  A jackal zombie (Ossuary)
  2 orc zombies (Ossuary)
7 creatures vanquished.

Vanquished Creatures (others)
  5 humans (D:13)
  A wight (D:13)
  An orc priest (D:13)
  An orc wizard (D:13)
  A worker ant (D:11)
  3 orcs (D:13)
  6 bushes (D:13)
  11 fungi
  16 plants
45 creatures vanquished.

Grand Total: 1371 creatures vanquished

Notes
Turn   | Place    | Note
--------------------------------------------------------------
     0 | D:1      | oplop the Octopode Transmuter began the quest for the Orb.
     0 | D:1      | Reached XP level 1. HP: 13/13 MP: 3/3
   307 | D:1      | Reached XP level 2. HP: 13/18 MP: 3/5
   849 | D:2      | Reached XP level 3. HP: 22/24 MP: 4/6
  1407 | D:2      | Learned a level 2 spell: Sticks to Snakes
  1411 | D:2      | Learned a level 3 spell: Spider Form
  1541 | D:2      | Reached XP level 4. HP: 29/29 MP: 5/7
  1546 | D:2      | Found a basalt altar of Yredelemnul.
  1621 | D:2      | Noticed Ijyb
  1631 | D:2      | Killed Ijyb
  2060 | D:3      | Reached skill level 1 in Poison Magic
  2060 | D:3      | Reached XP level 5. HP: 32/35 MP: 9/9
  2324 | D:3      | Found a sacrificial altar of Ru.
  2479 | D:3      | Reached XP level 6. HP: 40/42 MP: 10/10
  2901 | D:4      | Reached skill level 4 in Unarmed Combat
  3395 | D:4      | Reached XP level 7. HP: 44/46 MP: 8/12
  3841 | D:4      | Found a glowing golden altar of the Shining One.
  3945 | D:4      | Found a shadowy altar of Dithmenos.
  4131 | D:5      | Entered Level 5 of the Dungeon
  4358 | D:5      | Found a stormy altar of Qazlal.
  4842 | D:6      | Learned a level 4 spell: Ice Form
  4872 | D:6      | Found a staircase to the Ecumenical Temple.
  4933 | D:6      | Reached XP level 8. HP: 32/54 MP: 8/14
  4969 | D:6      | Found a sand-covered staircase.
  4979 | D:6      | Reached skill level 1 in Ice Magic
  4983 | Ossuary  | Entered an ossuary
  5102 | Ossuary  | Noticed ConnectionFaild's ghost (amateur SpAr)
  5121 | Ossuary  | Killed ConnectionFaild's ghost
  5121 | Ossuary  | Reached skill level 5 in Unarmed Combat
  5771 | D:6      | Found Jusudump's Antique Weapon Boutique.
  5924 | D:6      | Reached skill level 5 in Transmutations
  5994 | D:6      | Found Kegecixzyf's Antique Armour Shop.
  6543 | D:6      | Noticed Eustachio
  6554 | D:6      | Noticed Menkaure
  6565 | D:6      | Killed Eustachio
  6565 | D:6      | Reached XP level 9. HP: 30/58 MP: 3/16
  6820 | D:7      | Reached skill level 5 in Spellcasting
  6934 | D:7      | Reached skill level 6 in Unarmed Combat
  6949 | D:7      | Found Geisch's Assorted Antiques.
  6956 | D:7      | Bought a potion of curing for 57 gold pieces
  6956 | D:7      | Bought a scroll labeled COSAJO GYPHU CALUG for 19 gold pieces
  6956 | D:7      | Bought a pink potion for 17 gold pieces
  6956 | D:7      | Bought a potion of curing for 57 gold pieces
  7059 | D:7      | Found a blossoming altar of Fedhas.
  7770 | D:8      | Found a radiant altar of Vehumet.
  7770 | D:8      | Found a burning altar of Makhleb.
  7771 | D:8      | Found a white marble altar of Elyvilon.
  7832 | D:8      | Reached skill level 5 in Dodging
  8454 | D:9      | Reached XP level 10. HP: 44/64 MP: 16/18
  8458 | D:9      | Found a staircase to the Orcish Mines.
  8613 | D:9      | Reached skill level 5 in Ice Magic
  8830 | D:6      | Killed Menkaure
  8873 | D:6      | Found Serph's Weapon Shop.
  8924 | Temple   | Entered the Ecumenical Temple
  9018 | Temple   | Became a worshipper of Cheibriados the Contemplative
  9551 | D:9      | Reached skill level 7 in Transmutations
  9551 | D:9      | Reached skill level 1 in Invocations
  9689 | D:10     | Entered Level 10 of the Dungeon
  9799 | D:10     | Found Ywanoran's Antique Weapon Boutique.
  9824 | D:10     | Reached * piety under Cheibriados
  9960 | D:10     | Noticed oplop's ghost (journeyman OpTm)
  9961 | D:10     | Found a staircase to the Lair.
  9987 | D:10     | Killed oplop's ghost
 10312 | D:10     | Noticed a red ugly thing
 10325 | D:10     | Killed a red ugly thing
 10325 | D:10     | Reached skill level 5 in Fighting
 10325 | D:10     | Reached skill level 8 in Transmutations
 10963 | D:11     | Reached XP level 11. HP: 72/72 MP: 18/20
 10984 | D:11     | Reached skill level 5 in Invocations
 10994 | D:11     | Learned a level 5 spell: Blade Hands
 11084 | D:11     | Reached ** piety under Cheibriados
 11204 | D:11     | Learned a level 4 spell: Alistair's Intoxication
 11266 | D:11     | Noticed Josephine
 11277 | D:11     | Killed Josephine
 11282 | D:11     | Reached skill level 9 in Transmutations
 11344 | D:11     | Reached *** piety under Cheibriados
 11453 | D:11     | Noticed Snorg
 11457 | D:11     | Killed Snorg
 11719 | D:11     | Noticed a hill giant
 11738 | D:11     | Killed a hill giant
 11836 | D:12     | Reached **** piety under Cheibriados
 12391 | D:12     | Reached XP level 12. HP: 65/80 MP: 17/22
 13121 | D:13     | Noticed a five-headed hydra
 13126 | D:13     | Killed a five-headed hydra
 13208 | D:13     | Found a gate to the Vaults.
 13208 | D:13     | Noticed a vault guard
 13218 | D:13     | Killed a vault guard
 13364 | D:13     | Reached ***** piety under Cheibriados
 13366 | D:13     | Noticed Kirke
 13381 | D:13     | Killed Kirke
 13511 | D:13     | Found Joezet's Distillery.
 13519 | D:13     | Bought a potion of curing for 51 gold pieces
 13519 | D:13     | Bought a potion of heal wounds for 85 gold pieces
 13519 | D:13     | Bought a potion of heal wounds for 85 gold pieces
 14370 | D:14     | Learned a level 4 spell: Olgreb's Toxic Radiance
 14379 | D:14     | Noticed a centaur warrior
 14486 | Lair:1   | Entered Level 1 of the Lair of Beasts
 14859 | Lair:1   | Reached skill level 10 in Unarmed Combat
 14881 | Lair:1   | Reached XP level 13. HP: 36/89 MP: 15/25
 15170 | Lair:1   | Learned a level 2 spell: Blink
 15312 | Lair:2   | Identified a scroll of acquirement
 16000 | Lair:2   | Reached ****** piety under Cheibriados
 16296 | Lair:2   | Identified the Volume of Doomed Creation
 16467 | Lair:3   | Reached skill level 10 in Invocations
 16493 | Lair:3   | Found a staircase to the Snake Pit.
 16574 | Lair:3   | Reached skill level 11 in Unarmed Combat
 16662 | Lair:3   | Noticed Medar's ghost (journeyman GrSu)
 16667 | Lair:3   | Killed Medar's ghost
 17053 | Lair:3   | Reached XP level 14. HP: 62/98 MP: 24/27
 17757 | Lair:4   | Found a staircase to the Shoals.
 18378 | Lair:4   | Reached skill level 10 in Fighting
 18719 | Lair:1   | Learned a level 6 spell: Deflect Missiles
 18803 | Orc:1    | Entered Level 1 of the Orcish Mines
 19040 | Orc:1    | Found Wyamog's Assorted Antiques.
 19057 | Orc:1    | Bought a scroll of teleportation for 96 gold pieces
 19371 | Orc:2    | Found a bloodstained altar of Trog.
 19483 | Orc:2    | Reached skill level 1 in Charms
 19736 | Orc:3    | Noticed Donald
 19748 | Orc:3    | Killed Donald
 19748 | Orc:3    | Reached skill level 1 in Stealth
 19748 | Orc:3    | Reached skill level 10 in Spellcasting
 19748 | Orc:3    | Reached skill level 1 in Air Magic
 19771 | Orc:3    | Noticed Urug
 19778 | Orc:3    | Killed Urug
 20040 | Orc:3    | Found a staircase to the Elven Halls.
 20398 | Orc:4    | Entered Level 4 of the Orcish Mines
 20439 | Orc:4    | Found a roughly hewn altar of Beogh.
 20476 | Orc:4    | Found Voishuos's General Store.
 20863 | Orc:4    | Found Odwin's Jewellery Boutique.
 20865 | Orc:4    | Found Jawo's Food Emporium.
 20865 | Orc:4    | Found Oreingih's Magic Scroll Emporium.
 20987 | Orc:4    | Found a roughly hewn altar of Beogh.
 21066 | Orc:4    | Bought a ring of the Octopus King {rC+ AC+1 EV+1 Str+1 Int+1 Dex+1} for 513 gold pieces
 21071 | Orc:4    | Found Oxyoral's Armour Boutique.
 21078 | Orc:4    | Bought a scroll of teleportation for 39 gold pieces
 21078 | Orc:4    | Bought a scroll of identify for 26 gold pieces
 21078 | Orc:4    | Bought a scroll of identify for 26 gold pieces
 21078 | Orc:4    | Bought a scroll of magic mapping for 45 gold pieces
 21078 | Orc:4    | Bought a scroll of fog for 26 gold pieces
 21078 | Orc:4    | Bought a scroll of teleportation for 39 gold pieces
 21626 | Lair:4   | Reached XP level 15. HP: 96/103 MP: 29/29
 21866 | Lair:5   | Reached skill level 5 in Stealth
 24053 | Lair:7   | Reached skill level 5 in Charms
 24059 | Lair:7   | Reached skill level 5 in Air Magic
 24277 | Lair:8   | Entered Level 8 of the Lair of Beasts
 24279 | Lair:8   | Found a runed door.
 24327 | Lair:8   | Reached skill level 12 in Unarmed Combat
 24540 | Lair:8   | Reached skill level 10 in Dodging
 24630 | Lair:8   | Found a viscous altar of Jiyva.
 24631 | Lair:8   | Found a staircase to the Slime Pits.
 25235 | Lair:8   | Reached XP level 16. HP: 67/109 MP: 22/30
 25345 | Lair:8   | Found a runed door.
 26207 | D:14     | Found a bloodstained altar of Trog.
 26290 | D:14     | Killed a centaur warrior
 26770 | D:15     | Entered Level 15 of the Dungeon
 26871 | D:15     | Found Xohaff's Food Boutique.
 27084 | D:15     | Reached skill level 13 in Unarmed Combat
 27161 | D:15     | Found a staircase to the Depths.
 28174 | Elf:1    | Entered Level 1 of the Elven Halls
 28754 | Elf:1    | Reached XP level 17. HP: 92/115 MP: 29/31
 29703 | Elf:2    | Found a runed gate.
 29703 | Elf:2    | Found a runed gate.
 29703 | Elf:2    | Found a runed gate.
 30070 | Elf:3    | Entered Level 3 of the Elven Halls
 30376 | Elf:3    | Noticed Mara
 30729 | Snake:1  | Entered Level 1 of the Snake Pit
 30865 | Snake:1  | Reached skill level 14 in Unarmed Combat
 31642 | Snake:2  | Reached skill level 10 in Air Magic
 31726 | Snake:2  | HP: 5/117 [naga ritualist/Olgreb's Toxic Radiance (12)]
 31727 | Snake:2  | Slain by a greater naga

Action                   |  1- 3 |  4- 6 |  7- 9 | 10-12 | 13-15 | 16-18 || total
-------------------------+-------+-------+-------+-------+-------+-------++-------
Melee: Unarmed           |    74 |    76 |   258 |   522 |   996 |   552 ||  2478
       Dagger            |       |    89 |   184 |       |       |       ||   273
       Staff             |       |       |       |       |     6 |       ||     6
Throw: Javelin           |     7 |       |     3 |       |       |       ||    10
 Cast: Beastly Appendage |    24 |    25 |    22 |     5 |     1 |     4 ||    81
       Spider Form       |       |     4 |    17 |    12 |       |     1 ||    34
       Sticks to Snakes  |       |     1 |    13 |     4 |       |       ||    18
       Ice Form          |       |       |     6 |     9 |    25 |     5 ||    45
       Blade Hands       |       |       |       |    34 |    63 |    70 ||   167
       Deflect Missiles  |       |       |       |       |       |     2 ||     2
Invok: Slouch            |       |       |       |     2 |    13 |     8 ||    23
       Temporal Distorti |       |       |       |     4 |     3 |    11 ||    18
       Bend Time         |       |       |       |     2 |    11 |       ||    13
       Step From Time    |       |       |       |       |     1 |       ||     1
 Abil: End Transformatio |       |       |       |       |     1 |       ||     1
Evoke: Wand              |       |       |       |       |     1 |       ||     1
  Use: Scroll            |       |       |    16 |    13 |    18 |     5 ||    52
       Potion            |       |       |       |     2 |     1 |     1 ||     4
 Stab: Sleeping          |     4 |     8 |    10 |     9 |    49 |    12 ||    92
       Paralysed         |       |     2 |       |       |       |       ||     2
       Distracted        |       |       |     2 |     2 |     7 |     5 ||    16
       Invisible         |       |       |       |       |     3 |       ||     3
  Eat: Chunk             |     2 |     7 |    14 |    16 |    18 |    10 ||    67
       Fruit             |       |       |     6 |     5 |       |     8 ||    19
       Pizza             |       |       |     1 |     1 |       |     2 ||     4
       Beef jerky        |       |       |     1 |     1 |       |       ||     2
       Royal jelly       |       |       |       |     2 |     4 |       ||     6
       Meat ration       |       |       |       |       |     1 |       ||     1
